 Dungeon Crawl Stone Soup version 0.27-a0-906-g0a00ce863d (webtiles) character file.

Game seed: 4182358492828637140

23 robertstho the Chiller (level 2, -7/15 HPs)
             Began as a Deep Elf Ice Elementalist on Apr 6, 2021.
             Mangled by Sigmund
             ... wielding a +0 scythe
              (14 damage)
             ... on level 2 of the Dungeon.
             The game lasted 00:02:00 (2254 turns).

robertstho the Chiller (Deep Elf Ice Elementalist)  Turns: 2254, Time: 00:02:01

Health: -7/15      AC:  2    Str:  4 (5)  XL:     2   Next: 75%
Magic:  8/8        EV: 12    Int: 16 (19) God:
Gold:   42         SH:  0    Dex: 13 (15) Spells: 6/7 levels left

rFire    . . .     SeeInvis .   b - +0 dagger
rCold    . . .     Faith    .   (no shield)
rNeg     . . .     Spirit   .   a - +0 robe
rPois    .         Reflect  .   (no helmet)
rElec    .         Harm     .   (no cloak)
rCorr    .         Rampage  .   (no gloves)
Will     .....                  (no boots)
Stlth    +.........             (no amulet)
HPRegen  0.05/turn              (no ring)
MPRegen  0.11/turn              (no ring)

@: confused
A: no striking features
a: no special abilities


You were on level 2 of the Dungeon.
You visited 1 branch of the dungeon, and saw 2 of its levels.

You collected 42 gold pieces.

Inventory:

Hand Weapons
 b - a +0 dagger (weapon)
Missiles
 c - 5 atropa-tipped darts
Armour
 a - a +0 robe (worn)
Scrolls
 e - a scroll of magic mapping {unknown}


   Skills:
 + Level 2.4 Dodging
 + Level 2.6 Stealth
 * Level 3.2 Spellcasting
 * Level 5.2 Ice Magic


You had 6 spell levels left.
You knew the following spells:

 Your Spells              Type           Power      Damage    Failure   Level
a - Freeze                Ice            76%        1d9       2%          1

Your spell library contained the following spells:

 Spells                   Type           Power      Damage    Failure   Level
 Frozen Ramparts          Ice            38%        1d5       6%          3
 Ozocubu's Armour         Ice            19%        N/A       6%          3
 Hailstorm                Conj/Ice       10%        3d5       54%         4
 Summon Ice Beast         Ice/Summ       10%        N/A       54%         4


Dungeon Overview and Level Annotations

Branches:
Dungeon (2/15)

Altars:

Shops:
D:2 *

Annotations:
D:2 Sigmund


Message History

Found a stone staircase leading up.
Sigmund the Dreaded comes into view.
He is wielding a +0 scythe.
Sigmund shouts!
Sigmund casts a spell at you. The magic dart hits you!
Ouch! That really hurt!
Sigmund is nearby!
Sigmund is nearby!
Sigmund is nearby!
There is a stone staircase leading up here.
You climb upwards.
There is a stone staircase leading down here.
You start resting.
HP restored.
There is a stone staircase leading down here.
You climb downwards.
Level annotation: Sigmund
There is a stone staircase leading up here.
Found a ring mail.
Okay, then.
Sigmund shouts!
Sigmund drinks a potion.
Sigmund seems to speed up.
Sigmund is nearby!
Sigmund gestures at himself while chanting.
Sigmund flickers and vanishes!
Deactivating autopickup; reactivate with Ctrl-A.
Something tries to affect you, but you resist.
Something hits you but does no damage.
You hear some strange, mumbled words.
Something tries to affect you, but you resist.
You hear some strange, mumbled words.
You are confused.
It was a potion of degeneration.
There was something very wrong with that liquid.
You feel weakened.
You feel dopey.
You feel clumsy. Something hits you!
Ouch! That really hurt!
You bump into the rock wall.
Something hits you!
Ouch! That really hurt!
You die...

#.###.####.##.##.##.#####.##
#.#......#.##.##.##..###.## ..
#.#.#.##.#.##.##......#.##
....##.#.#.##.#.##.#####..#.##
.{.......#....[..#.#####...##
...#######.##.##.#.........#
... #.##.##.#######...# ...
#.##....# #...###### ..
#.####.@# #...#..... @#
#.####..#######...#.#### .#
....#.......#............[..
.# ......###..................
.# ..........##...............
## ..##.#...########...#.##.#
# ..##.#....# #...#..... #
#.##......# #...#.....
###.####....# #...#.##.#


There were no monsters in sight!

Vanquished Creatures
  2 worms (D:2)
  2 ball pythons
  An endoplasm (D:1)
  2 goblins (D:1)
  6 jackals (D:1)
  A bat (D:2)
  3 frilled lizards
17 creatures vanquished.

Notes
Turn   | Place    | Note
-------+----------+-------------------------------------------
     0 | D:1      | robertstho the Deep Elf Ice Elementalist began the quest
                  | for the Orb.
     0 | D:1      | Reached XP level 1. HP: 10/10 MP: 6/6
   668 | D:1      | Reached XP level 2. HP: 9/15 MP: 6/8
   913 | D:1      | Reached skill level 5 in Ice Magic
  1489 | D:2      | Found Molahoc's Assorted Antiques.
  1968 | D:2      | Noticed Sigmund
  2254 | D:2      | Mangled by Sigmund

Illustrated notes

Levels and vault maps discovered:
D:1:      amcnicky_arrival_wind_blow, layout_basic, hangedman_decor_push,
          due_unseen_surprise
D:2:      layout_loops_cross, serial_shops, nicolae_shop_overgrown_old_shop,
          uniq_sigmund

Skill      XL: |  1  2 |
---------------+-------+-----
Ice Magic      | 5 |  5.2
Dodging        | |  2.4
Stealth        | |  2.6
Spellcasting   | |  3.2

Action                   || total
-------------------------++-------
Melee: Dagger            ||    20
 Cast: Freeze            ||    28
  Use: Potion            ||     1
 Stab: Sleeping          ||     3
Armor: Robe              ||     4
Dodge: Dodged            ||    26

Table legend: (Time is in decaauts)
 A = Elapsed time spent in this place.
 B = Non-inter-level travel time spent in this place.
 C = Inter-level travel time spent in this place.
 D = Time resting spent in this place.
 E = Time spent auto-exploring this place.
 F = Levels seen in this place.
 G = Mean time per level.
                   A        B        C        D        E       F      G
               +--------+--------+--------+--------+--------+-----+--------+
         Total |   2254 |   2186 |     68 |    210 |   1829 |   2 | 1127.0 |
       Dungeon |   2254 |   2186 |     68 |    210 |   1829 |   2 | 1127.0 |
               +--------+--------+--------+--------+--------+-----+--------+

Top non-repeatable levels by time:
     D:1: 1323 daAuts
     D:2: 931 daAuts
